Map: Overgrowth LE (Void)

Players

Tentative - Winner!

  • Race: Protoss Protoss
  • League: Diamond
  • Spawn Location: 1:00

PandaStick

  • Race: Zerg Zerg
  • Spawn Location: 7:00

VOD

Have the link to the VOD?

Description

Time

  • Played on: Jan. 21, 2017, 11:41 p.m.
  • Length: 16:57
Show
View Real Time Build Order
Export as new Build Order

Tentative Protoss - Winner!

Build Orders: 1 Gate Expand, Blink Stalkers 

Get SALT Encoding   

  12  0:01  Probe (Chrono Boost)  
  13  0:11  Probe (Chrono Boost)  
  14  0:19  Pylon  
  14  0:22  Probe (Chrono Boost)  
  15  0:37  Probe (Chrono Boost)  
  15  0:40  Gateway  
  16  0:48  Probe (Chrono Boost)  
  17  0:52  Assimilator  
  17  0:58  Probe (Chrono Boost)  
  17  1:09  Probe (Chrono Boost)  
  18  1:27  Nexus  
  18  1:31  Probe (Chrono Boost)  
  19  1:39  Cybernetics Core  
  19  1:45  Probe (Chrono Boost)  
  20  1:55  Probe (Chrono Boost)  
  20  1:58  Assimilator  
  21  2:07  Probe (Chrono Boost)  
  22  2:11  Pylon  
  22  2:15  Warp Gate  
  22  2:26  Probe (Chrono Boost), Adept  
  25  2:41  Probe (Chrono Boost)  
  25  2:42  Probe (Chrono Boost)  
  27  2:52  Pylon, Probe (Chrono Boost)  
  27  2:54  Probe (Chrono Boost)  
  29  3:02  Probe (Chrono Boost)  
  31  3:06  Probe (Chrono Boost)  
  31  3:11  Gateway  
  31  3:12  Gateway  
  31  3:15  Gateway  
  31  3:22  Twilight Council  
  31  3:25  Probe (Chrono Boost)  
  31  3:26  Probe (Chrono Boost)  
  32  3:36  Assimilator  
  32  3:41  Robotics Facility  
  32  3:43  Blink  
  32  3:46  Probe (Chrono Boost)  
  32  3:47  Probe (Chrono Boost)  
  34  4:16  Probe (Chrono Boost)  
  36  4:17  Probe (Chrono Boost)  
  36  4:22  Stalker x2  
  36  4:23  Stalker x2  
  44  4:26  Probe (Chrono Boost)  
  44  4:29  Probe (Chrono Boost), Observer  
  48  4:38  Probe (Chrono Boost)  
  48  4:39  Pylon  
  48  4:41  Probe (Chrono Boost)  
  49  4:49  Probe (Chrono Boost), Stalker x2  
  54  4:56  Warp Prism  
  56  5:03  Stalker  
  56  5:04  Stalker  
  60  5:14  Pylon  
  60  5:17  Pylon  
  60  5:28  Stalker  
  60  6:11  Stalker x4  
  68  6:19  Gateway  
  68  6:20  Gateway  
  68  6:24  Gateway  
  68  6:26  Gateway x2  
  68  6:31  Gateway  
  68  6:49  Stalker x4  
  68  6:53  Observer  
  77  7:01  Pylon x2  
  77  7:03  Pylon  
  77  7:11  Nexus  
  77  7:13  Forge  
  77  7:14  Forge  
  77  7:29  Stalker x4  
  83  7:30  Stalker x3  
  67  7:50  Charge  
  67  7:54  Protoss Ground Weapons Level 1, Pylon  
  67  7:56  Pylon  
  67  7:58  Pylon, Protoss Ground Armor Level 1  
  67  8:09  Templar Archives  
  67  8:10  Assimilator  
  67  8:28  Adept x4  
  67  8:29  Adept x3  
  81  8:37  Psionic Storm  
  81  8:51  Probe (Chrono Boost)  
  81  8:52  Probe (Chrono Boost)  
  81  8:53  Probe (Chrono Boost)  
  84  8:58  Assimilator  
  84  9:02  Probe (Chrono Boost)  
  85  9:03  Assimilator  
  85  9:05  Probe (Chrono Boost)  
  86  9:15  High Templar x3  
  92  9:21  High Templar  
  92  9:23  Zealot x3  
  92  9:24  Zealot x3  
  106  9:33  Mothership Core (Chrono Boost)  
  106  9:36  Probe x2 (Chrono Boost)  
  110  9:42  Protoss Ground Weapons Level 2  
  110  9:44  High Templar  
  112  9:48  Probe x2 (Chrono Boost)  
  112  9:51  Probe (Chrono Boost)  
  116  10:00  Probe (Chrono Boost), Protoss Ground Armor Level 2  
  116  10:03  Zealot x2  
  116  10:04  Zealot  
  124  10:07  Probe (Chrono Boost)  
  124  10:08  Probe (Chrono Boost)  
  124  10:13  Probe (Chrono Boost)  
  125  10:14  Pylon  
  125  10:20  Probe (Chrono Boost), High Templar x2  
  130  10:23  Zealot x2  
  133  10:51  Zealot x5  
  133  10:52  Zealot x3  
  100  11:30  High Templar  
  100  11:31  High Templar x6  
  114  11:40  Zealot x3  
  120  11:52  Probe (Chrono Boost)  
  120  11:53  Probe (Chrono Boost)  
  120  11:54  Probe (Chrono Boost)  
  123  11:58  Nexus  
  123  12:00  Pylon  
  123  12:01  Pylon  
  123  12:03  Zealot x4  
  123  12:06  Probe (Chrono Boost)  
  132  12:10  Zealot x4  
  132  12:11  Zealot x2  
  144  12:27  Protoss Ground Armor Level 3  
  142  12:31  Observer  
  137  12:38  Probe (Chrono Boost)  
  137  12:39  Probe (Chrono Boost), Photon Cannon  
  137  12:40  Probe (Chrono Boost)  
  138  12:45  Protoss Ground Weapons Level 3  
  138  12:49  High Templar  
  138  12:50  High Templar x5  
  142  13:04  Archon x3  
  142  13:08  Stalker x3  
  142  13:09  Stalker  
  130  13:29  Archon  
  130  13:32  Stalker x5  
  130  13:33  Stalker x3  
  124  13:36  Stalker  
  116  14:00  High Templar  
  116  14:01  High Templar x2  
  122  14:04  Stalker x2  
  122  14:06  Zealot x4  
  122  14:07  Zealot  
  136  14:32  Stalker x2  
  136  14:33  Stalker x3  
  136  14:34  Stalker x2  
  148  14:59  High Templar x2  
  152  15:02  Stalker  
  152  15:03  Zealot  
  152  15:04  Zealot x6  
  114  15:55  Zealot x6  
  114  15:56  Zealot x4  
  106  16:17  Stalker  
  106  16:18  Stalker x6  
  110  16:19  Stalker x3  
  118  16:36  Probe x2 (Chrono Boost)  
  118  16:38  Probe x2 (Chrono Boost)  
  124  16:46  Probe (Chrono Boost)  
Show
View Real Time Build Order
Export as new Build Order

PandaStick Zerg 

Build Orders: Pool First 

Get SALT Encoding   

  12  0:03  Drone  
  13  0:12  Overlord  
  13  0:18  Drone  
  14  0:21  Extractor  
  14  0:23  Drone  
  15  0:31  Drone  
  16  0:36  Drone  
  17  0:58  Drone  
  17  0:59  Drone  
  17  1:00  Spawning Pool  
  18  1:15  Hatchery  
  17  1:35  Drone  
  18  1:40  Drone  
  18  1:41  Hatchery  
  18  1:47  Drone x2  
  18  1:51  Extractor  
  19  1:57  Overlord  
  19  2:10  Drone  
  19  2:14  Queen  
  22  2:22  Drone  
  23  2:27  Queen  
  23  2:29  Drone x2  
  27  2:38  Drone  
  27  2:41  Drone  
  29  2:50  Queen, Drone  
  32  2:53  Drone  
  32  2:54  Drone  
  32  2:56  Metabolic Boost  
  34  3:02  Queen  
  36  3:09  Zergling x6  
  39  3:14  Drone x2  
  41  3:20  Drone  
  42  3:28  Baneling Nest  
  42  3:30  Evolution Chamber, Drone  
  42  3:31  Drone  
  42  3:32  Evolution Chamber  
  41  3:42  Drone  
  41  3:43  Overlord  
  42  3:56  Overlord x2  
  42  4:00  Extractor  
  42  4:01  Extractor, Overlord, Queen  
  42  4:03  Drone x4  
  46  4:11  Zerg Melee Weapons Level 1  
  46  4:23  Drone x4  
  46  4:24  Overlord  
  50  4:28  Drone x2  
  52  4:32  Drone x3  
  52  4:33  Drone  
  56  4:44  Zerg Ground Armor Level 1  
  56  4:45  Zergling x8  
  60  4:46  Zergling x2  
  60  4:48  Drone  
  60  4:50  Drone  
  60  4:51  Drone  
  64  4:57  Drone x3  
  67  5:03  Lair  
  67  5:06  Baneling x2  
  67  5:09  Drone  
  67  5:10  Drone x4  
  67  5:11  Drone  
  67  5:14  Extractor  
  72  5:15  Extractor  
  71  5:24  Spore Crawler  
  71  5:28  Baneling x5  
  70  5:29  Zergling x4  
  72  5:36  Extractor, Zergling x6  
  72  5:42  Overlord x4, Spine Crawler  
  73  5:43  Spine Crawler  
  73  5:44  Zergling x4  
  73  5:50  Spine Crawler  
  73  5:54  Zergling x8  
  73  5:55  Zergling x4  
  71  5:58  Zergling x2  
  71  6:01  Zergling x4  
  72  6:05  Zergling x4  
  72  6:09  Zergling x8  
  77  6:12  Spine Crawler  
  77  6:14  Drone x4  
  80  6:21  Drone x2  
  82  6:26  Zergling x2  
  82  6:29  Zergling x2  
  82  6:31  Zergling x2  
  84  6:34  Zerg Melee Weapons Level 2  
  84  6:35  Zergling x2  
  84  6:38  Baneling x6  
  85  6:40  Centrifical Hooks  
  84  6:50  Spine Crawler  
  84  6:51  Spine Crawler, Zergling x6  
  84  6:52  Baneling  
  84  6:53  Zergling x4  
  86  6:56  Zergling x2  
  86  7:01  Zerg Ground Armor Level 2  
  87  7:10  Drone x4  
  87  7:11  Zergling x6  
  87  7:12  Drone x4  
  96  7:23  Zergling x4  
  96  7:24  Zergling x2  
  96  7:26  Zergling x2  
  97  7:34  Zergling x2  
  95  7:37  Zergling x6  
  95  7:38  Zergling x2  
  95  7:43  Zergling x2  
  96  7:52  Zergling x2  
  96  7:53  Overlord  
  96  7:54  Overlord  
  97  7:59  Spire  
  97  8:03  Infestation Pit, Zergling x2  
  97  8:04  Zergling x2  
  97  8:13  Drone x3  
  97  8:14  Drone  
  97  8:17  Hatchery  
  100  8:24  Spine Crawler  
  94  8:27  Spore Crawler  
  93  8:40  Spore Crawler  
  92  8:43  Overlord x2  
  92  8:46  Hive  
  92  8:48  Zergling x22  
  96  8:52  Drone x2  
  105  9:21  Overlord x4  
  105  9:27  Extractor, Baneling x2  
  105  9:28  Baneling x7, Extractor  
  105  9:29  Baneling x3, Overlord x2  
  105  9:30  Zergling x10  
  105  9:31  Zergling x8  
  112  9:34  Drone  
  112  9:35  Drone x2  
  115  9:44  Overlord, Zergling x6  
  115  9:45  Overlord x2  
  118  9:46  Drone  
  118  9:51  Baneling x3  
  118  9:52  Baneling x6  
  119  9:53  Baneling x6  
  119  9:58  Adrenal Glands  
  119  10:00  Greater Spire  
  119  10:02  Zerg Ground Armor Level 3  
  119  10:04  Zerg Melee Weapons Level 3  
  119  10:18  Corruptor  
  119  10:19  Corruptor x4  
  119  10:20  Corruptor  
  131  10:26  Pneumatized Carapace, Spore Crawler  
  130  10:28  Overseer  
  130  10:29  Overseer x2  
  130  10:45  Spine Crawler  
  130  10:47  Zergling x24  
  141  10:57  Zergling x6  
  141  10:58  Zergling x4  
  146  11:06  Zergling x4  
  148  11:17  Zergling x4  
  142  11:22  Zergling x2  
  142  11:23  Zergling x12  
  142  11:24  Zergling x2  
  142  11:25  Zergling x18  
  110  11:28  Baneling  
  110  11:29  Baneling  
  110  11:32  Baneling x2  
  105  11:33  Baneling x2, Zergling x4  
  105  11:34  Zergling x2  
  108  11:41  Brood Lord x2  
  112  11:48  Brood Lord x2  
  116  12:01  Brood Lord  
  116  12:02  Drone, Brood Lord  
  116  12:03  Drone x4  
  125  12:17  Corruptor x3  
  131  12:27  Zergling x4  
  131  12:28  Zergling x10  
  136  12:35  Spine Crawler  
  135  12:41  Corruptor x2  
  139  12:46  Corruptor x2  
  143  12:52  Zerg Flyer Armor Level 1  
  140  13:10  Corruptor x3  
  140  13:12  Corruptor, Brood Lord  
  148  13:13  Corruptor  
  137  13:27  Corruptor  
  137  13:28  Corruptor x2  
  137  13:29  Zergling x4  
  137  13:30  Zergling x6  
  133  13:36  Corruptor  
  133  13:38  Zergling x2  
  135  13:43  Zergling x8  
  135  13:44  Zergling x2  
  121  13:52  Zergling x8  
  121  13:53  Zergling x2  
  121  13:55  Baneling x3  
  122  13:56  Baneling  
  122  13:58  Drone x2  
  120  14:03  Brood Lord x4  
  120  14:05  Drone x2  
  130  14:10  Brood Lord  
  130  14:12  Brood Lord  
  130  14:14  Drone x2  
  136  14:25  Brood Lord  
  136  14:28  Baneling x5  
  136  14:29  Baneling x2  
  138  14:34  Hatchery  
  137  14:49  Spine Crawler  
  136  14:54  Brood Lord x2  
  136  14:55  Brood Lord  
  142  15:05  Baneling x2  
  142  15:06  Baneling x3  
  142  15:23  Zergling x4  
  142  15:24  Zergling x12  
  142  15:25  Zergling x12  
  142  15:26  Zergling x6  
  142  15:27  Zergling x8  
  131  15:39  Zergling x8  
  123  15:47  Zergling x2  
  123  15:48  Zergling x2  
  117  15:51  Corruptor, Drone x2  
  118  16:08  Zergling x8  
  118  16:09  Zergling x2  
  109  16:11  Zergling x4  
  109  16:12  Zergling x2  
  94  16:23  Drone  
  94  16:25  Zergling x6  
  92  16:29  Ultralisk Cavern  
Tags
 
Add a new tag
Caveats
  • Supply blocks, unpowered buildings, or Contaminate may cause inaccurate times.
  • Supply counts are checked every 10 seconds.